 Dungeon Crawl Stone Soup version 0.32-a0-931-g5a2cda0630 (webtiles) character file.

Game seed: 10444791600170861310

30 Meejax the Ducker (level 3, 28/28 HPs)
             Began as a Djinni Gladiator on Apr 25, 2021.
             Quit the game on level 1 of the Dungeon on Apr 13, 2024.
             The game lasted 00:06:59 (752 turns).

Meejax the Ducker (Djinni Gladiator)                 Turns: 752, Time: 00:06:59

Health: 28/28      AC:  4    Str: 13    XL:     3   Next: 37%
Gold:   23         EV: 12    Int:  9    God:
                   SH:  0    Dex: 16

rFire   + + .        a - +0 long sword
rCold   x . .        (no shield)
rNeg    . . .        b - +0 leather armour
rPois   ∞            c - +0 helmet
rElec   .            (no cloak)
rCorr   .            (no gloves)
SInv    .            (boots unavailable)
Will    .....        (no amulet)
Stlth   +            (no ring)
HPRegen 0.24/turn    (no ring)

%: no passive effects
@: flying
A: sickness immunity, fire resistance 2, cold vulnerability 1, float, innate
caster, HP casting, extra vitality 1
a: no special abilities


You were on level 1 of the Dungeon.
You visited 1 branch of the dungeon, and saw 1 of its levels.

You collected 23 gold pieces.

Inventory:

Hand Weapons
 a - a +0 long sword (weapon)
Missiles
 d - 2 throwing nets (quivered)
Armour
 b - a +0 leather armour (worn)
 c - a +0 helmet (worn)
 e - a +0 ring mail
Scrolls
 f - a scroll of identify {unknown}


   Skills:
 + Level 2.2 Fighting
 - Level 3.0 Long Blades
 + Level 1.5 Throwing
 + Level 0.4 Armour
 + Level 3.8 Dodging
 + Level 0.5 Stealth


You knew the following spells:

 Your Spells              Type           Power      Damage    Failure   Level
a - Freeze                Ice            0%         1d3       45%         1
Your spell library was empty.

Dungeon Overview and Level Annotations

Branches:
Dungeon (1/15)

Altars:


Innate Abilities, Weirdness & Mutations

You are immune to sickness and miasma.
You are immune to poison.
Your flesh is very heat resistant. (rF++)
You are vulnerable to cold. (rC-)
You float through the air rather than walking.
You learn spells naturally, not from books.
Your magical power is your life essence.
You have superior vitality. (+4 MHP)


Message History

Sorry, you're not good enough to have a special ability.
Okay, then.
There's nothing to close nearby.
HP restored.
No item to drop.
You need no library to learn spells.
There are no items here.
Casting: Freeze (safe; 45% risk of failure)
Confirm with . or Enter, or press ? or * to list all spells.
You don't know that spell.
There's nothing to close nearby.
You aren't carrying any items that you can evoke.
No item to drop.
You don't have any such object.
Fire/throw/use which item? ([*] to toss any item) (? for menu, Esc to quit)
You don't have any such object.
Fire/throw/use which item? ([*] to toss any item) (? for menu, Esc to quit)
You don't have any such object.
Fire/throw/use which item? ([*] to toss any item) (? for menu, Esc to quit)
Fire/throw/use which item? ([*] to toss any item) (? for menu, Esc to quit)
Huh?
Fire/throw/use which item? ([*] to toss any item) (? for menu, Esc to quit)
Okay, then.
Okay, then.
There's nothing to close nearby.
Casting: Freeze (safe; 45% risk of failure)
Confirm with . or Enter, or press ? or * to list all spells.
You don't know that spell.
You aren't wearing any rings or amulets.
Unknown command.
Okay, then.
Hit: a) +0 long sword
Press: ? - help, Dir - move target, f - you
Okay, then.
Okay, then.
Unknown command.
Casting: Freeze (safe; 45% risk of failure)
Confirm with . or Enter, or press ? or * to list all spells.
Okay, then.
Are you sure you want to abandon this character and quit the game? (Confirm with "yes".)

#.##.#.#.##.~###≈≈≈≈###~.
#....#.#.#...~≈≈≈≈≈≈≈≈~..
#.+####'.#.#...≈≈≈≈≈≈≈≈≈~..
#........#.#..~###~≈≈≈###~.
+########'.).(# ..#~~#...#.
............# ⌠.#. #.⌠.#.
##.###........#...#..#...#.
...............###....###..
#####....@................
#####.#####.....###...
..####.....####..#
#.###........##..##
#.###........##....
#.#...≈§§≈........≈
#.#..≈≈§§.§......≈≈
#.#..≈≈<§§≈.§....≈≈
#.§≈≈≈≈≈≈§.....≈≈


There were no monsters in sight!

Vanquished Creatures
  A dart slug (D:1)
  A ball python (D:1)
  2 endoplasms (D:1)
  A giant cockroach (D:1)
  3 goblins (D:1)
  2 hobgoblins (D:1)
  4 kobolds (D:1)
  3 quokkas (D:1)
  4 bats (D:1)
  A frilled lizard (D:1)
  3 rats (D:1)
25 creatures vanquished.

Notes
Turn   | Place    | Note
-------+----------+-------------------------------------------
     0 | D:1      | Meejax the Djinni Gladiator began the quest for the Orb.
     0 | D:1      | Reached XP level 1. HP: 18/18 MP: 0/0
   114 | D:1      | Reached XP level 2. HP: 23/23 MP: 0/0
   448 | D:1      | Upgraded the game from 0.27-a0-1081-ge8a0a9c698 to
                  | 0.32-a0-931-g5a2cda0630
   493 | D:1      | Reached XP level 3. HP: 28/28 MP: 0/0
   493 | D:1      | Learned a level 1 spell: Freeze
   752 | D:1      | Quit the game

Illustrated notes

Levels and vault maps discovered:
D:1:      dpeg_arrival_pits, layout_rooms, minivault_11, fountainhead

Skill      XL: |  1  2  3 |
---------------+----------+-----
Long Blades    | 3 |  3.0
Fighting       | |  2.2
Throwing       | |  1.5
Armour         | |  0.4
Dodging        | |  3.8
Stealth        | |  0.5

Action                     || total
---------------------------++-------
  Melee: Long sword        ||    47
  Throw: Throwing net      ||     1
   Stab: Sleeping          ||     2
 Armour: Leather armour    ||    26
  Dodge: Dodged            ||    61
Riposte: Long sword        ||    14

Table legend: (Time is in decaauts)
 A = Elapsed time spent in this place.
 B = Non-inter-level travel time spent in this place.
 C = Inter-level travel time spent in this place.
 D = Time resting spent in this place.
 E = Time spent auto-exploring this place.
 F = Levels seen in this place.
 G = Mean time per level.
                   A        B        C        D        E       F      G
               +--------+--------+--------+--------+--------+-----+--------+
         Total |    764 |    756 |      8 |    356 |     74 |   1 |  764.0 |
       Dungeon |    764 |    756 |      8 |    356 |     74 |   1 |  764.0 |
               +--------+--------+--------+--------+--------+-----+--------+

Top non-repeatable levels by time:
     D:1: 764 daAuts
